 Dungeon Crawl Stone Soup version 0.27.1-2-g3b301248ec (webtiles) character file.

Game seed: 9199481207801043719

1239 karkarkar the Conjurer (level 8, -4/57 HPs)
             Began as a Purple Draconian Conjurer on Oct 5, 2021.
             Was an Elder of Zin.
             Slain by Duvessa (17 damage)
             ... on level 5 of the Dungeon.
             The game lasted 00:26:49 (7386 turns).

karkarkar the Conjurer (Purple Draconian Conjurer)  Turns: 7386, Time: 00:26:49

Health: -4/57      AC:  8    Str: 10    XL:     8   Next: 25%
Magic:  9/17       EV: 12    Int: 21    God:    Zin [****..]
Gold:   147        SH:  0    Dex:  9    Spells: 12/19 levels left

rFire    . . .     SeeInvis .   (no weapon)
rCold    . . .     Faith    +   (no shield)
rNeg     . . .     Spirit   .   (armour unavailable)
rPois    .         Reflect  .   (helmet restricted)
rElec    .         Harm     .   y - +0 cloak
rCorr    +         Rampage  .   (no gloves)
Will     +....                  r - +0 pair of boots
Stlth    ++........             q - amulet of faith
HPRegen  0.19/turn              b - ring of flight
MPRegen  0.15/turn              x - ring of resist corrosion

@: short of breath, on recite cooldown, flying, very slightly contaminated
A: breathe power, AC +6, unfitting armour, cold-blooded
a: Breathe Dispelling Energy, Renounce Religion, Recite, Vitalisation, Imprison,
Donate Gold


You were on level 5 of the Dungeon.
You worshipped Zin.
Zin was greatly pleased with you.
You visited 1 branch of the dungeon, and saw 6 of its levels.

You collected 251 gold pieces.
You donated 104 gold pieces to Zin.

Inventory:

Missiles
 d - 7 javelins
 i - 5 curare-tipped darts
 t - 34 poisoned darts
 B - a throwing net
Armour
 r - a +0 pair of boots (worn)
 y - a +0 cloak (worn)
Jewellery
 b - a ring of flight (left hand)
 q - an amulet of faith (around neck)
 x - a ring of resist corrosion (right hand)
Wands
 A - a wand of acid (6)
Scrolls
 a - a scroll of fog {unknown}
 g - a scroll of immolation
 j - a scroll of magic mapping {unknown}
 l - a scroll of vulnerability {unknown}
 m - a scroll of teleportation
 n - 4 scrolls of silence
 s - a scroll of enchant weapon
 u - a scroll of holy word {unknown}
 w - a scroll of amnesia {unknown}
 C - a scroll of torment {unknown}
Potions
 c - a potion of curing
 e - a potion of haste {unknown}
 f - 2 potions of mutation
 h - a potion of magic {unknown}
 k - 2 potions of brilliance
 o - a potion of berserk rage {unknown}
 p - 2 potions of lignification {unknown}
 v - a potion of invisibility
 z - a potion of heal wounds {unknown}


   Skills:
 - Level 0.2 Fighting
 - Level 0.4 Throwing
 + Level 2.4 Dodging
 - Level 2.1 Stealth
 + Level 6.1 Spellcasting
 + Level 6.7 Conjurations
 * Level 4.3 Translocations
 * Level 3.8 Invocations


You had 12 spell levels left.
You knew the following spells:

 Your Spells              Type           Power      Damage    Failure   Level
a - Magic Dart            Conj           100%       1d8       1%          1
b - Searing Ray           Conj           68%        3d5       1%          2
c - Iskenderun's Mystic   Conj/Tloc      29%        2d7       10%         4

Your spell library contained the following spells:

 Spells                   Type           Power      Damage    Failure   Level
 Gell's Gravitas          Tloc           12%        N/A       4%          3
 Lesser Beckoning         Tloc           12%        N/A       4%          3
 Teleport Other           Tloc           24%        N/A       4%          3
 Dazzling Flash           Conj/Hex       40%        N/A       7%          3
 Fulminant Prism          Conj/Hex       10%        3d9       24%         4
 Summon Guardian Golem    Hex/Summ       6%         N/A       28%         3
 Orb of Destruction       Conj           17%        9d8       99%         7
 Spellforged Servitor     Conj/Summ      10%        N/A       100%        7


Dungeon Overview and Level Annotations

Branches:
Dungeon (6/15)             Temple (0/1) D:6

Altars:
Dithmenos
Fedhas
Qazlal
Ru
Wu Jian
Yredelemnul
Zin
The Shining One

Annotations:
D:5 Duvessa


Innate Abilities, Weirdness & Mutations

You can breathe bolts of dispelling energy.
Your rich purple scales are hard. (AC +6)
You cannot fit into any form of body armour.
You are cold-blooded and may be slowed by cold attacks.


Message History

Unknown command.
Duvessa misses you.
You fly upwards.
There is a stone staircase leading down here.
Duvessa closely misses you.
Items here: )) ††.
There is an open door here.
Aiming: Searing Ray (safe; 1% risk of failure)
Press: ? - help, Q - select action, (/) - cycle Shift-Dir - straight line, f - Duvessa
Aim: Duvessa, wielding a +0 rapier and wearing a +2 leather armour of fire resistance (moderately wounded, berserk, fast, 83% to hit)
The searing ray hits Duvessa!
Duvessa is heavily wounded. (Press . to maintain the ray.) Duvessa misses you.
Duvessa hits you with a +0 rapier!!
* * * LOW HITPOINT WARNING * * *
You clear your throat and prepare to recite. "In a great set of silver scales are weighed the..."
Duvessa misses you.
Aiming: Searing Ray (safe; 1% risk of failure)
Press: ? - help, Q - select action, (/) - cycle Shift-Dir - straight line, f/p - Duvessa
Aim: Duvessa, wielding a +0 rapier and wearing a +2 leather armour of fire resistance (heavily wounded, berserk, fast, 83% to hit)
Okay, then.
Aiming: Searing Ray (safe; 1% risk of failure)
Press: ? - help, Q - select action, (/) - cycle Shift-Dir - straight line, f/p - Duvessa
Aim: Duvessa, wielding a +0 rapier and wearing a +2 leather armour of fire resistance (heavily wounded, berserk, fast, 83% to hit)
You miscast Searing Ray.
You are very lightly contaminated with residual magic.
Nothing appears to happen. "...souls of the heretics, and with their disloyal..."
Duvessa misses you. Duvessa hits you but does no damage.
Aiming: Searing Ray (safe; 1% risk of failure)
Press: ? - help, Q - select action, (/) - cycle Shift-Dir - straight line, f/p - Duvessa
Aim: Duvessa, wielding a +0 rapier and wearing a +2 leather armour of fire resistance (heavily wounded, berserk, fast, 83% to hit)
The searing ray hits Duvessa.
Duvessa is heavily wounded. (Press . to maintain the ray.) "...ways, the balance hath tipped against them!"
You finish reciting Ablutions 11:53. "From Zin's mouth, by Zin's hand."
Duvessa hits you with a +0 rapier!
You die...

###### #....##
##################..#..#
#...............#.###..#
#...............##..##.#####
#................###.#.'....
#...............##..##.#####
#...............#.####......
#........##@######..##.#####
#........##e########.#.#####
#........##>)...##..##......
#........#....#.#.####.#####
#........#....#.##..##.# #.
#........#....#..###.#.####.
##########....'.##..##...##.
#....###.#####...'.
#.....###..###...#.


You could see Duvessa (berserk, fast).

Vanquished Creatures
  A water moccasin (D:5)
  An ogre (D:5)
  A centaur (D:5)
  2 phantoms
  2 kobold brigands (D:5)
  Dowan (D:6)
  2 howler monkeys (D:5)
  A jelly (D:5)
  A gnoll shaman (D:5)
  2 orc priests
  2 hounds (D:5)
  Natasha (twice) (D:2)
  4 iguanas
  5 gnolls
  6 adders
  A shadow imp (D:5)
  A white imp (D:5)
  An ufetubus (D:6)
  3 worms (D:2)
  4 dart slugs
  7 orcs
  6 bats
  11 endoplasms
  6 hobgoblins
  3 quokkas
  8 ball pythons
  3 frilled lizards
  6 goblins
  19 kobolds
  4 rats
116 creatures vanquished.

Vanquished Creatures (others)
  3 fungi (D:6)
3 creatures vanquished.

Grand Total: 119 creatures vanquished

Notes
Turn   | Place    | Note
-------+----------+-------------------------------------------
     0 | D:1      | karkarkar the Draconian Conjurer began the quest for the
                  | Orb.
     0 | D:1      | Reached XP level 1. HP: 14/14 MP: 3/3
   205 | D:1      | Reached XP level 2. HP: 20/20 MP: 0/5
   687 | D:1      | Reached XP level 3. HP: 26/26 MP: 0/6
   851 | D:1      | Found a faded altar of an unknown god.
  1317 | D:1      | Learned a level 2 spell: Searing Ray
  1562 | D:1      | Became a worshipper of Zin the Law-Giver
  1562 | D:1      | Reached * piety under Zin
  1643 | D:2      | Donated 10 gold pieces to Zin
  1938 | D:2      | Reached ** piety under Zin
  2023 | D:2      | Reached skill level 5 in Conjurations
  2056 | D:2      | Noticed Natasha
  2066 | D:2      | Killed Natasha
  2067 | D:2      | Reached XP level 4. HP: 32/33 MP: 2/8
  2297 | D:2      | Noticed Natasha
  2305 | D:2      | Killed Natasha
  2306 | D:2      | Reached skill level 1 in Translocations
  3051 | D:3      | Reached XP level 5. HP: 38/38 MP: 3/9
  3581 | D:3      | Found a glowing golden altar of the Shining One.
  3581 | D:3      | Found an ornate altar of the Wu Jian Council.
  3941 | D:4      | Noticed a phantom
  3957 | D:4      | Killed a phantom
  3958 | D:4      | Reached skill level 1 in Invocations
  4095 | D:4      | Reached XP level 6. HP: 45/45 MP: 9/11
  5147 | D:4      | Reached *** piety under Zin
  5148 | D:4      | Donated 69 gold pieces to Zin
  5269 | D:5      | Entered Level 5 of the Dungeon
  5304 | D:5      | Learned a level 4 spell: Iskenderun's Mystic Blast
  5641 | D:5      | Found a basalt altar of Yredelemnul.
  5692 | D:5      | Noticed a water moccasin
  5703 | D:5      | Killed a water moccasin
  5704 | D:5      | Your scales start taking on a rich purple colour.
  5704 | D:5      | Reached XP level 7. HP: 35/50 MP: 8/14
  5876 | D:5      | Reached skill level 5 in Spellcasting
  6273 | D:5      | Reached XP level 8. HP: 33/57 MP: 10/16
  6577 | D:5      | Found a shadowy altar of Dithmenos.
  6577 | D:5      | Found a stormy altar of Qazlal.
  6577 | D:5      | Found a sacrificial altar of Ru.
  6958 | D:6      | Reached **** piety under Zin
  6987 | D:6      | Found a staircase to the Ecumenical Temple.
  6995 | D:6      | Found a blossoming altar of Fedhas.
  7026 | D:6      | Noticed Dowan
  7318 | D:6      | Noticed Duvessa
  7378 | D:6      | Killed Dowan
  7386 | D:5      | Slain by Duvessa

Illustrated notes

Levels and vault maps discovered:
D:1:      co_arrival_random_square_maze, layout_loops_cross,
          hellmonk_ecumenical_altar_blasted, dk_noncrumbling_4
D:2:      layout_loops_cross, uniq_natasha
D:3:      layout_loops_ring, gammafunk_temple_overflow_pools,
          hangedman_abyss_or_decor_stabs, bh_walls_and_bars
D:4:      layout_layer_cave
D:5:      layout_basic, mainiacjoe_overflow_alcove_1,
          gammafunk_temple_overflow_claw, st_stairs_11, grunt_decor_resistance
D:6:      layout_cave_pools, fedhas_altar_3, minmay_temple_entry_overgrown,
          gammafunk_ghost_grave, minmay_misc_feat_rows, uniq_duvessa

Skill      XL: |  1  2  3  4  5  6  7  8 |
---------------+-------------------------+-----
Stealth        | 2 |  2.1
Conjurations   | 5 6 |  6.7
Dodging        | 2 |  2.4
Translocations | 1 2 3 4 |  4.3
Spellcasting   | 3 4 5 6 |  6.1
Invocations    | 1 2 3 |  3.8
Fighting       | |  0.2
Throwing       | |  0.4

Action                   |  1- 3 |  4- 6 |  7- 9 || total
-------------------------+-------+-------+-------++-------
Melee: Unarmed           |     1 |       |       ||     1
Throw: Javelin           |       |     8 |     1 ||     9
       Dart              |       |     8 |       ||     8
 Cast: Magic Dart        |    57 |    32 |    12 ||   101
       Searing Ray       |    10 |    29 |    30 ||    69
       Iskenderun's Myst |       |       |     2 ||     2
Invok: Donate Gold       |     1 |     1 |       ||     2
       Recite            |       |       |     2 ||     2
 Abil: Breathe Dispellin |       |       |     8 ||     8
Evoke: Wand              |       |       |     1 ||     1
  Use: Scroll            |       |     6 |     1 ||     7
       Potion            |       |       |     3 ||     3
Armor: Skin              |     4 |     4 |    31 ||    39
Dodge: Dodged            |    13 |    15 |    51 ||    79
